 Dungeon Sprint DCSS version 0.21-a0-314-gb3271ec (webtiles) character file.

835 potatolord6000 the Fighter (level 7, -6/109 HPs)
             Began as a Minotaur Monk on Sept 29, 2017.
             Was the Champion of Wu Jian.
             Mangled by a snapping turtle (14 damage)
             ... in the Dungeon (Sprint VII: "The Pits").
             The game lasted 00:05:23 (944 turns).

potatolord6000 the Fighter (Minotaur Monk)           Turns: 944, Time: 00:05:23

Health: -6/109     AC: 11    Str: 22    XL:     7   Next: 66%
Magic:  6/6        EV: 15    Int:  7    God:    Wu Jian [******]
Gold:   0          SH:  0    Dex: 13    Spells: 6/6 levels left

rFire    . . .     SeeInvis .     - Unarmed
rCold    . . .     Gourm    .   (no shield)
rNeg     . . .     Faith    .   o - +3 scale mail
rPois    .         Spirit   .   (helmet restricted)
rElec    .         Reflect  .   (no cloak)
rCorr    .         Harm     .   (no gloves)
MR       .....     NoTele   +   (no boots)
Stlth    ..........             (no amulet)
HPRegen  0.28/turn              (no ring)
MPRegen  0.10/turn              (no ring)

@: berserking (expiring), lethally poisoned (-6 -> -7), very quick
A: retaliatory headbutt, horns 2
a: Serpent's Lash, Heavenly Storm, Renounce Religion


You were in the Dungeon.
You worshipped Wu Jian.
Wu Jian was exalted by your worship.
You were full.

You visited 1 branch

Inventory:

Armour
 o - a +3 scale mail (worn)
Scrolls
 h - a scroll of blinking
 j - 3 scrolls of remove curse
 k - 5 scrolls of amnesia
 l - a scroll of summoning
Potions
 c - 6 potions of curing
 d - 6 potions of heal wounds
 e - a potion of haste
 f - 4 potions of magic
 g - a potion of berserk rage
 i - 2 potions of invisibility
Comestibles
 b - 8 bread rations
 m - 40 fruits
 n - 6 meat rations


   Skills:
 + Level 10.8 Fighting
 + Level 9.9 Armour
 + Level 9.8 Dodging
 - Level 1.8 Stealth
 + Level 9.8 Unarmed Combat


You had 6 spell levels left.
You didn't know any spells.

Dungeon Overview and Level Annotations

Branches:
Dungeon (1/1)

Altars:
Ashenzari
Cheibriados
Dithmenos
Elyvilon
Fedhas
Gozag
Hepliaklqana
Kikubaaqudgha
Makhleb
Nemelex Xobeh
Okawaru
Qazlal
Ru
Sif Muna
Trog
Uskayaw
Vehumet
Wu Jian
Xom
Yredelemnul
Zin
The Shining One
Beogh
Jiyva
Lugonu


Innate Abilities, Weirdness & Mutations

You reflexively headbutt those who attack you in melee.
You have a pair of horns on your head.


Message History

Unknown command.
You closely miss the guardian serpent.
The guardian serpent is almost dead.
The guardian serpent barely misses you. You furiously retaliate!
You headbutt the guardian serpent!
You kill the guardian serpent!
The Council accepts your kill.
Your Fighting skill increases to level 10!
Your Armour skill increases to level 9!
Your Dodging skill increases to level 9!
Your Unarmed Combat skill increases to level 9!
You attack the snapping turtle from above.
You hit the snapping turtle. You headbutt the snapping turtle.
The snapping turtle is moderately wounded.
The snapping turtle misses you.
Unknown command.
You feel a strong urge to attack something.
You feel sick.
The snapping turtle bites you from afar!
You die...

#.#..#[))).##.......#
#'###########.......#
#...)...#).##########
#.).#...#)######
#.)†#...#)#....#
#.##.##.#'#.)..#
#)..#...#.)†t§§+
#...#...#†#.§.§#
#.......'.#.§§@#
################


You could see a snapping turtle.

Vanquished Creatures
  A guardian serpent (D)
  A small abomination (D)
  2 floating eyes (D)
  An orc priest (D)
  2 orc wizards (D)
  A gnoll shaman (D)
  6 gnolls (D)
  An adder skeleton (D)
  A leopard gecko (D)
  5 orcs (D)
  A bat zombie (D)
  A giant cockroach (D)
  3 jackals (D)
  A frilled lizard (D)
  A giant cockroach zombie (D)
  A kobold (D)
  A rat (D)
30 creatures vanquished.

Notes
Turn   | Place    | Note
-------+----------+-------------------------------------------
     0 | D        | potatolord6000 the Minotaur Monk began the quest for the Orb.
     0 | D        | Reached XP level 1. HP: 19/19 MP: 0/0
    45 | D        | Found a bloodstained altar of Trog.
    45 | D        | Found a deep blue altar of Sif Muna.
    45 | D        | Found a viscous altar of Jiyva.
    45 | D        | Found a hazy altar of Hepliaklqana.
    45 | D        | Found an opulent altar of Gozag.
    46 | D        | Found a glowing golden altar of the Shining One.
    46 | D        | Found a glowing silver altar of Zin.
    46 | D        | Found a basalt altar of Yredelemnul.
    46 | D        | Found a shimmering altar of Xom.
    46 | D        | Found an ornate altar of the Wu Jian Council.
    46 | D        | Found a sacrificial altar of Ru.
    46 | D        | Found a stormy altar of Qazlal.
    46 | D        | Found an iron altar of Okawaru.
    46 | D        | Found a sparkling altar of Nemelex Xobeh.
    46 | D        | Found a burning altar of Makhleb.
    46 | D        | Found a blossoming altar of Fedhas.
    46 | D        | Found a white marble altar of Elyvilon.
    46 | D        | Found a shadowy altar of Dithmenos.
    46 | D        | Found a snail-covered altar of Cheibriados.
    48 | D        | Found a radiant altar of Vehumet.
    48 | D        | Found a corrupted altar of Lugonu.
    48 | D        | Found a roughly hewn altar of Beogh.
    50 | D        | Found an ancient bone altar of Kikubaaqudgha.
    50 | D        | Found a hide-covered altar of Uskayaw.
    50 | D        | Found a shattered altar of Ashenzari.
    59 | D        | Became a worshipper of the Wu Jian Council
    59 | D        | Reached * piety under Wu Jian
    59 | D        | Reached ** piety under Wu Jian
    80 | D        | Reached skill level 4 in Fighting
    80 | D        | Reached XP level 2. HP: 19/28 MP: 1/1
   228 | D        | Reached skill level 5 in Fighting
   351 | D        | Noticed a floating eye
   353 | D        | Paralysed by a floating eye for 4 turns
   358 | D        | Reached *** piety under Wu Jian
   359 | D        | Reached XP level 3. HP: 29/36 MP: 2/2
   361 | D        | Killed a floating eye
   361 | D        | Reached skill level 6 in Fighting
   361 | D        | Reached skill level 5 in Armour
   361 | D        | Reached XP level 4. HP: 36/45 MP: 3/3
   364 | D        | Reached **** piety under Wu Jian
   365 | D        | Reached skill level 7 in Fighting
   571 | D        | Noticed a floating eye
   573 | D        | Paralysed by a floating eye for 3 turns
   576 | D        | Killed a floating eye
   576 | D        | Reached skill level 8 in Fighting
   576 | D        | Reached XP level 5. HP: 41/53 MP: 4/4
   578 | D        | Reached ***** piety under Wu Jian
   586 | D        | Reached XP level 6. HP: 33/62 MP: 5/5
   734 | D        | Noticed a small abomination
   741 | D        | Killed a small abomination
   741 | D        | Reached skill level 9 in Fighting
   923 | D        | Reached ****** piety under Wu Jian
   929 | D        | Noticed a snapping turtle
   929 | D        | Noticed a guardian serpent
   931 | D        | Reached XP level 7. HP: 63/71 MP: 6/6
   942 | D        | Killed a guardian serpent
   942 | D        | Reached skill level 10 in Fighting
   944 | D        | Mangled by a snapping turtle

Vault maps used:
D:        pitsprint

Skill      XL: |  1  2  3  4  5  6  7 |
---------------+----------------------+-----
Fighting       | 4 5 6 8 9 10 | 10.8
Armour         | 2 3 5 6 7 8 9 |  9.9
Dodging        | 4 6 7 8 9 |  9.8
Unarmed Combat | 4 6 7 8 9 |  9.8
Stealth        | |  1.8

Action                   |  1- 3 |  4- 6 |  7- 9 || total
-------------------------+-------+-------+-------++-------
Melee: Unarmed           |    26 |    50 |    18 ||    94
       Headbutt          |     7 |     9 |     2 ||    18
  Use: Potion            |     1 |       |     1 ||     2
 Stab: Sleeping          |     2 |       |       ||     2
  Eat: Meat ration       |       |     1 |       ||     1
Armor: Robe              |    13 |     1 |       ||    14
       Scale mail        |       |    17 |     4 ||    21
Dodge: Dodged            |    19 |    25 |    10 ||    54

Table legend:
 A = Spawn XP
 B = Non-spawn XP
 C = Spawn XP percentage of total XP
 D = Spawn monster count
 E = Non-spawn monster count
 F = Spawn count percentage of total count
 G = Total turns spent on level
                    A         B        C        D         E        F      G
               +---------+---------+-------+---------+---------+-------+---------
         Total |       0 |    1194 |   0.0 |       0 |      30 |   0.0 |   944
               +---------+---------+-------+---------+---------+-------+---------
             D |       0 |    1194 |   0.0 |       0 |      30 |   0.0 |   944
               +---------+---------+-------+---------+---------+-------+---------
